AoeStats
← WyattRyot

MegaRandom

503765002Analyzed
1v1 RM · 1mo ago on Sep 2, 2026· 51m 36s· 2 players
Game mode
Random Map
Map size
Tiny (2 player)
Population
200
Speed
Normal
Resources
Standard
Victory
Conquest
Starting age
Dark Age
Ending age
Imperial Age
RankedLock teamsTeams togetherTeam positionsShared explorationLock speedFull tech treeHidden civsTurbo modeCheats
Victory
Defeat
🇺🇸 Ethiopians · United States
1238
+13
🇦🇺 Portuguese · Australia
1169
-13
WyattRyot
7:41 Loom
9:36 Feudal Age
14:27 Castle Age
12:20 Double-Bit Axe
12:46 Horse Collar
15:39 Bow Saw
17:12 Heavy Plow
22:16 Wheelbarrow
25:28 Husbandry
25:38 Bloodlines
26:50 Forging
31:06 Hand Cart
35:28 Imperial Age
33:12 Fletching
34:01 Bloodlines
34:13 Town Watch
34:41 Gold Mining
34:41 Stone Mining
34:26 Pikeman
35:06 Bodkin Arrow
35:47 Iron Casting
37:22 Chemistry
35:54 Halberdier
37:36 Conscription
36:39 Cavalier
38:08 Crop Rotation
38:21 Bracer
39:24 Blast Furnace
38:47 Arquebus
38:50 Onager
40:41 Scale Barding Armor
41:16 Siege Engineers
41:34 Ballistics
42:24 Stone Shaft Mining
41:43 Elite Organ Gun
42:58 Masonry
49:56 Scale Mail Armor
50:18 Chain Barding Armor
50:47 Architecture
50:33 Town Patrol
Copybara
2:15 Loom
2:20 Loom
11:05 Feudal Age
11:52 Double-Bit Axe
15:23 Castle Age
13:29 Gold Mining
14:22 Horse Collar
15:54 Fletching
16:39 Bow Saw
17:22 Crossbowman
19:12 Wheelbarrow
19:24 Bodkin Arrow
21:35 Town Watch
22:09 Padded Archer Armor
23:20 Gold Shaft Mining
23:48 Stone Mining
25:13 Hand Cart
26:01 Heavy Plow
27:46 Ballistics
30:52 Imperial Age
29:31 Scale Mail Armor
29:33 Squires
30:41 Stone Shaft Mining
31:17 Leather Archer Armor
31:15 Scale Barding Armor
31:21 Forging
31:36 Masonry
32:36 Two-Man Saw
31:46 Arbalester
34:00 Town Patrol
34:01 Bracer
35:09 Chemistry
35:06 Ring Archer Armor
35:47 Conscription
36:00 Thumb Ring
36:04 Elite Skirmisher
36:59 Forging
36:52 Arson
37:39 Chain Mail Armor
37:20 Light Cavalry
38:00 Husbandry
39:00 Iron Casting
38:31 Sappers
38:39 Halberdier
40:05 Plate Mail Armor
39:54 Heavy Camel Rider
41:08 Siege Engineers
40:47 Hussar
42:00 Chain Barding Armor
42:48 Blast Furnace
41:47 Capped Ram
47:35 Architecture
51:05 Murder Holes
51:21 Fortified Wall
Connection lost

Rejoining the realm…

Still unreachable

The connection could not be restored.

Session expired

The server has moved on; the page needs a fresh start.